cohdb
Replays
Latest Replays
All Replays
Popular Replays
Top Player Replays
Match Explorer
How It Works
Community
CoH3 Stats
Reddit
Sign in to upload your games and track your stats! →
Sign in with Steam
Match 41643956
Unlisted
Match 41643956
Overview
Messages
Build Orders
End
Construct Infanterie Kompanie
Kettenkrad Recon Vehicle
MG 42 Machine Gun Team
Grenadier Squad
Grenadier Squad
Grenadier Squad
Selects Breakthrough Battlegroup
Selects Assault Grenadiers
Construct Panzergrenadier Kompanie
Construct Luftwaffe Kompanie
Medical Station
Support Elements
Selects Breakthrough
Selects Mechanized Assault Group
Mechanized Assault Group
Wirbelwind Flakpanzer
Marder III M Tank Destroyer
Construct Panzer Kompanie
Selects 2.5-tonne Cargo Truck
Selects Blitzkrieg
2.5-tonne Cargo Truck
Panzer IV Medium Tank
Panzer IV Medium Tank
Pioneer Squad
Skyline
KevinTDW
RunningWithFate
EGIPOP
0
0
Comments
sign in to comment!
No comments posted yet!